 Dungeon Crawl Stone Soup version 0.24.0-28-g17ded55e90 (webtiles) character file.

Game seed: 18282892918537714156, levelgen mode: deterministic

247 Gumption the Grave Robber (level 5, -9/39 HPs)
             Began as a Demonspawn Necromancer on Nov 12, 2019.
             Mangled by an orc warrior
             ... wielding a +0 scimitar
              (10 damage)
             ... on level 6 of the Dungeon.
             The game lasted 00:29:28 (5098 turns).

Gumption the Grave Robber (Demonspawn Necromancer)  Turns: 5098, Time: 00:29:29

Health: -9/39      AC:  4    Str:  8    XL:     5   Next: 85%
Magic:  9/9        EV: 12    Int: 17    God:
Gold:   224        SH:  0    Dex: 16    Spells: 2/10 levels left

rFire    + . .     SeeInvis .   a - +1 short sword (venom)
rCold    . . .     Gourm    .   (no shield)
rNeg     . . .     Faith    .   k - +0 leather armour
rPois    .         Spirit   .   (no helmet)
rElec    .         Reflect  .   (no cloak)
rCorr    .         Harm     .   (no gloves)
MR       .....                  u - +0 pair of boots
Stlth    ++........             (no amulet)
HPRegen  0.13/turn              (no ring)
MPRegen  0.11/turn              (no ring)

@: no status effects
A: claws 1, thin skeletal structure 1, fire resistance 1, powered by death 1
a: no special abilities


You were on level 6 of the Dungeon.
You were near starving.

You visited 1 branch of the dungeon, and saw 5 of its levels.

You collected 224 gold pieces.

Inventory:

Hand Weapons
 a - a +1 short sword of venom (weapon)
 m - a +1 mace of draining
 r - a +2 whip of electrocution
 v - a +0 shortbow
Missiles
 b - 86 stones (quivered)
 x - 21 arrows
 B - 24 poisoned darts
Armour
 k - a +0 leather armour (worn)
 l - a +0 robe
 u - a +0 pair of boots (worn)
Jewellery
 s - an uncursed ring of stealth {unknown}
 z - a cursed ring of see invisible {unknown}
Wands
 y - a wand of enslavement (6)
 C - a wand of random effects (17)
Scrolls
 c - a scroll of amnesia {unknown}
 f - 4 scrolls of enchant weapon
 g - 4 scrolls of magic mapping
 i - a scroll of blinking {unknown}
 q - a scroll of remove curse {unknown}
Potions
 d - 2 potions of curing
 h - a potion of brilliance {unknown}
 j - a potion of might {unknown}
 n - a potion of resistance {unknown}
 o - a potion of haste {unknown}
 p - 2 potions of mutation {unknown}
 t - 2 potions of agility
 w - 2 potions of lignification {unknown}
 A - 2 potions of heal wounds {unknown}
 D - a potion of berserk rage {unknown}
 E - a potion of cancellation {unknown}
Comestibles
 e - 2 rations


   Skills:
 + Level 2.6 Fighting
 - Level 1.7 Dodging
 - Level 1.7 Stealth
 + Level 3.2 Spellcasting
 + Level 0.9 Charms
 + Level 6.2 Necromancy


You had 2 spell levels left.
You knew the following spells:

 Your Spells              Type           Power        Failure   Level  Hunger
a - Pain                  Necr           ###.         1%          1    None
b - Animate Skeleton      Necr           N/A          1%          1    None
c - Vampiric Draining     Necr           ###.......   6%          3    ###....
z - Regeneration          Chrm/Necr      ##........   17%         3    ###....

Your spell library contained the following spells:

 Spells                   Type           Power        Failure   Level  Hunger
 Animate Dead             Necr           N/A          19%         4    ####...


Dungeon Overview and Level Annotations

Branches:
Dungeon (4/15)
 Temple: D:4-7

Altars:
Cheibriados
Fedhas

Annotations:
D:6 Grinder


Innate Abilities, Weirdness & Mutations

You have sharp fingernails.
You have a somewhat thin skeletal structure. (Dex +2, Stealth)
Your flesh is heat resistant. (rF+)
You regenerate a little health from kills.


Message History

The hound zombie bites you.
* * * LOW HITPOINT WARNING * * *
You hit the hound zombie.
The hound zombie is lightly damaged.
The hound zombie closely misses you. The orc warrior barely misses you.
The hound zombie bites you but does no damage.
You barely miss the hound zombie.
The hound zombie is lightly damaged.
The orc warrior hits you with a +0 scimitar!
* * * LOW HITPOINT WARNING * * *
The hound zombie bites you.
* * * LOW HITPOINT WARNING * * *
You hit the hound zombie.
The hound zombie is moderately damaged.
The hound zombie misses you. The orc warrior closely misses you.
You hit the hound zombie.
The hound zombie is moderately damaged.
The hound zombie bites you but does no damage.
The orc warrior hits you with a +0 scimitar!
You die...

...# #.# #
#.###.# 8
#.....#### .
#.....'..# 8
#.....##.# .
#..#####.###8
# #.$# #....o
#%.#######..#
#####.
#...Z@o....##
.
############
. . . . .


You could see an orc warrior and a hound zombie.

Vanquished Creatures
  A centaur (D:6)
  A bullfrog zombie (D:3)
  Natasha (twice) (D:3)
  An adder (D:2)
  A worm (D:2)
  2 dart slugs
  3 leopard geckos (D:3)
  4 orcs
  2 giant cockroaches
  5 goblins
  7 hobgoblins
  2 jackals (D:4)
  A ball python (D:3)
  7 bats
  A frilled lizard (D:2)
  A jackal skeleton (D:3)
  10 kobolds
  5 rats
56 creatures vanquished.

Vanquished Creatures (collateral kills)
  Natasha (D:3)
  A leopard gecko (D:3)
  A hobgoblin (D:3)
  A kobold (D:3)
4 creatures vanquished.

Grand Total: 60 creatures vanquished

Notes
Turn   | Place    | Note
-------+----------+-------------------------------------------
     0 | D:1      | Gumption the Demonspawn Necromancer began the quest for the
                  | Orb.
     0 | D:1      | Reached XP level 1. HP: 13/13 MP: 3/3
     2 | D:1      | Learned a level 1 spell: Animate Skeleton
   905 | D:1      | Gained mutation: You have a somewhat thin skeletal
                  | structure. (Dex +2, Stealth) [demonic ancestry]
   905 | D:1      | Reached XP level 2. HP: 18/20 MP: 0/5
  1948 | D:2      | Reached skill level 1 in Fighting
  2234 | D:2      | Reached skill level 5 in Necromancy
  2499 | D:2      | Gained mutation: Your flesh is heat resistant. (rF+)
                  | [demonic ancestry]
  2499 | D:2      | Reached XP level 3. HP: 26/26 MP: 4/6
  3350 | D:3      | Found a snail-covered altar of Cheibriados.
  3564 | D:3      | Noticed Natasha
  3601 | D:3      | Killed Natasha
  3601 | D:3      | Gained mutation: You have sharp fingernails. [demonic
                  | ancestry]
  3601 | D:3      | Reached XP level 4. HP: 15/33 MP: 1/8
  3626 | D:3      | Noticed Natasha
  3640 | D:3      | Killed Natasha
  4047 | D:3      | Gained mutation: You regenerate a little health from kills.
                  | [demonic ancestry]
  4047 | D:3      | Reached XP level 5. HP: 37/38 MP: 6/9
  4069 | D:3      | Learned a level 3 spell: Vampiric Draining
  4073 | D:3      | Learned a level 3 spell: Regeneration
  4168 | D:3      | Noticed Natasha
  4184 | D:3      | Killed Natasha
  4184 | D:3      | Reached skill level 6 in Necromancy
  4788 | D:4      | Found a blossoming altar of Fedhas.
  4810 | D:4      | You fall into a shaft and drop 2 floors!
  4811 | D:6      | Noticed a centaur
  4820 | D:6      | Killed a centaur
  5035 | D:6      | Noticed Grinder
  5070 | D:6      | Noticed an orc warrior
  5096 | D:6      | HP: 1/39 [hound zombie (1)]
  5098 | D:6      | Mangled by an orc warrior

Levels and vault maps discovered:
D:1:      evilmike_arrival_fibonacci_small, layout_basic
D:2:      layout_rooms, kennysheep_generic_room_16
D:3:      layout_rooms, kennysheep_slug_shrine, serial_glass, glass_columns_b,
          glass_columns_a, minmay_goblin_kobold_house, uniq_natasha
D:4:      layout_rooms, lemuel_coloured_pillars_altar, minmay_temple_entry_hall,
          yredelemnul_altar_generic
D:6:      kennysheep_orc_sif_temple, layout_basic, lemuel_round_altar,
          minmay_misc_feat_enclosed, minivault_24, roderic_lattice_a,
          serial_bayou_pond_d, minmay_circle_x, uniq_edmund, uniq_grinder

Skill      XL: |  1  2  3  4  5 |
---------------+----------------+-----
Fighting       | 1 2 |  2.6
Necromancy     | 5 6 |  6.2
Spellcasting   | 3 |  3.2
Dodging        | |  1.7
Stealth        | |  1.7
Charms         | |  0.9

Action                   |  1- 3 |  4- 6 || total
-------------------------+-------+-------++-------
Melee: Unarmed           |     1 |       ||     1
       Dagger            |     5 |       ||     5
       Short sword       |     7 |    22 ||    29
Throw: Stone             |     1 |       ||     1
 Cast: Pain              |    86 |    32 ||   118
       Animate Skeleton  |    23 |     7 ||    30
  Use: Scroll            |     2 |     3 ||     5
  Eat: Chunk             |     6 |     3 ||     9
       Ration            |     1 |       ||     1
Armor: Robe              |     9 |     3 ||    12
       Leather armour    |       |     5 ||     5
Dodge: Dodged            |    25 |    30 ||    55
